 Dungeon Crawl Stone Soup version 0.31.0-11-ge490571c62 (webtiles) character file.

Game seed: 3803674566790611912

1666 no0bjke the Cleaver (level 9, -6/52 HPs)
             Began as a Gargoyle Fighter on Jan 26, 2024.
             Was a Believer of Okawaru.
             Splashed by a jelly's acid (9 damage)
             ... on level 6 of the Dungeon.
             The game lasted 00:09:35 (6127 turns).

no0bjke the Cleaver (Gargoyle Fighter)              Turns: 6127, Time: 00:09:36

Health: -6/52      AC:  3    Str: 25    XL:     9   Next: 1%
Magic:  6/9        EV: 13    Int: 14    God:    Okawaru [**....]
Gold:   393        SH:  6    Dex: 15    Spells: 8/8 levels left

rFire   . . .        a - +0 war axe
rCold   . . .        c - +0 buckler
rNeg    + . .        b - +0 scale mail
rPois   ∞            (no helmet)
rElec   +            (no cloak)
rCorr   .            (no gloves)
SInv    .            (no boots)
Will    .....        (no amulet)
Stlth   ++           w - +6 ring of dexterity
HPRegen 0.28/turn    s - +6 ring of intelligence
MPRegen 0.11/turn

%: no passive effects
@: heroic, corroded
A: sickness immunity, AC +6, negative energy resistance 1, electricity
resistance, torment resistance 1, petrification resistance
a: Renounce Religion, Heroism


You were on level 6 of the Dungeon.
You worshipped Okawaru.
Okawaru was pleased with you.
You visited 1 branch of the dungeon, and saw 6 of its levels.

You collected 393 gold pieces.

Inventory:

Hand Weapons
 a - a +0 war axe (weapon)
Armour
 b - a +0 scale mail (worn)
 c - a +0 buckler (worn)
Jewellery
 s - a +6 ring of intelligence (right hand)
 w - a +6 ring of dexterity (left hand)
Wands
 d - a wand of flame (14)
Scrolls
 e - 3 scrolls of teleportation
 g - a scroll of revelation
 j - 5 scrolls of enchant weapon
 o - 4 scrolls of fog
 p - a scroll of immolation {unknown}
 r - a scroll of torment {unknown}
 v - a scroll of amnesia {unknown}
Potions
 h - a potion of ambrosia
 k - a potion of cancellation {unknown}
 l - a potion of curing {unknown}
 m - 3 potions of enlightenment
 n - a potion of magic {unknown}
 q - a potion of haste {unknown}
 t - a potion of lignification {unknown}
 u - 2 potions of brilliance {unknown}


   Skills:
 + Level 3.8(8.8) Fighting
 * Level 9.3(14.3) Axes
 + Level 4.5(9.5) Armour
 + Level 2.2(7.2) Dodging
 - Level 0.4(5.4) Stealth
 + Level 3.6(8.6) Shields
 + Level 0.1 Invocations


You had 8 spell levels left.
You didn't know any spells.
Your spell library contained the following spells:

 Spells                   Type           Power      Damage    Failure   Level
 Apportation              Tloc           0%         N/A       56%         1
 Necrotise                Necr           0%         1d4       56%         1
 Sting                    Conj/Alch      0%         1d3       56%         1
 Mercury Vapours          Alch/Air       0%         N/A       71%         2
 Dazzling Flash           Conj/Hex       0%         N/A       90%         3
 Mephitic Cloud           Conj/Alch/Air  0%         N/A       90%         3
 Volatile Blastmotes      Fire/Tloc      0%         2d10      90%         3
 Cause Fear               Hex            0%         N/A       100%        4
 Dimensional Bullseye     Hex/Tloc       0%         N/A       100%        4
 Iskenderun's Mystic Bla  Conj/Tloc      0%         2d3       100%        4
 Fireball                 Conj/Fire      0%         3d3       100%        5
 Freezing Cloud           Conj/Ice/Air   0%         6-21      100%        5
 Starburst                Conj/Fire      0%         6d3       100%        6
 Maxwell's Capacitive Co  Air            0%         ∞         100%        8
 Summon Small Mammal      Summ           Unusable   N/A       N/A         1
 Tukima's Dance           Hex            Unusable   N/A       N/A         3
 Dragon's Call            Summ           Unusable   N/A       N/A         9

Dungeon Overview and Level Annotations

Branches:
Dungeon (6/15)             Temple (0/1) D:6

Altars:
Ashenzari
Okawaru
Trog
Uskayaw
Zin

Shops:
D:4 [[*[?


Innate Abilities, Weirdness & Mutations

You are immune to sickness and miasma.
Your stone body is resilient. (AC +6)
You are immune to poison.
You resist negative energy. (rN+)
You are resistant to electric shocks. (rElec)
You are resistant to unholy torment.
You are immune to petrification.


Message History

The acid corrodes you!
Your hands burn!
The white imp hits you. The white imp freezes you. The jelly hits you.
You are splashed with acid.
You have reached level 9!
Your experience leads to an increase in your attributes!
Your base attributes are Str 23, Int 8, Dex 9.
Increase (S)trength, (I)ntelligence, or (D)exterity?
You feel stronger. x2
You slash the sleepcap!
The sleepcap is heavily damaged.
You hit the white imp.
You kill the white imp!
Okawaru accepts your kill.
You hit the jelly. The acid corrodes you!
Your hands burn!
The sleepcap releases spores at you.
* * * LOW HITPOINT WARNING * * *
The jelly barely misses you.
You are too injured to fight recklessly!
You completely miss the jelly.
The jelly is moderately wounded.
You hit the sleepcap. You hit the sleepcap but do no damage.
The sleepcap is severely damaged.
You hit the jelly.
Your hands burn!
* * * LOW HITPOINT WARNING * * *
The sleepcap releases spores at you.
* * * LOW HITPOINT WARNING * * *
You block the jelly's attack.
You hit the sleepcap but do no damage.
The sleepcap is severely damaged.
You hit the jelly but do no damage.
Your hands burn!
* * * LOW HITPOINT WARNING * * *
The jelly misses you. The sleepcap closely misses you.
You hit the sleepcap but do no damage.
The sleepcap is severely damaged.
You hit the jelly.
Your hands burn!
* * * LOW HITPOINT WARNING * * *
You block the sleepcap's attack. The jelly hits you.
* * * LOW HITPOINT WARNING * * *
You are splashed with acid!
You die...

#...'.....
#######...'.......?$....
.......!..#.............
######.#.## .8♣♣8....8♣ #
#......#. ♣♣ ♣....♣ #
##......#.. ♣♣....♣♣ .
###.......#..8♣♣8....8♣♣8.
.......#.##.....f.........
..##.#.#..#.....@J........
..........########''#####
.......#.###........#
..#..###.##..########
.....# #.##.##
....####.##.#
.....<...##.####
.....##........###
...#.###.#.......#


You could see a sleepcap and a jelly.

Vanquished Creatures
  Eustachio (D:6)
  Edmund (D:4)
  An orc warrior (D:5)
  4 black bears (D:6)
  2 phantoms
  Blork the orc (D:6)
  A scorpion (D:3)
  3 jellies
  3 orc priests
  4 hounds
  A gnoll bouda (D:6)
  Crazy Yiuf (D:4)
  2 iguanas
  2 orc wizards
  6 gnolls
  5 adders
  2 white imps (D:6)
  An ufetubus (D:6)
  4 dart slugs
  3 ribbon worms
  13 orcs
  9 ball pythons
  3 bats
  6 endoplasms
  4 giant cockroaches (D:3)
  6 goblins
  8 hobgoblins
  3 jackals (D:2)
  8 kobolds
  A quokka (D:1)
  4 frilled lizards
  9 rats
122 creatures vanquished.

Notes
Turn   | Place    | Note
-------+----------+-------------------------------------------
     0 | D:1      | no0bjke the Gargoyle Fighter began the quest for the Orb.
     0 | D:1      | Reached XP level 1. HP: 14/14 MP: 1/1
    41 | D:1      | Reached skill level 2 in Axes
    67 | D:1      | Reached XP level 2. HP: 13/19 MP: 2/2
   394 | D:1      | Reached skill level 3 in Axes
   396 | D:1      | Reached XP level 3. HP: 18/23 MP: 3/3
  1022 | D:2      | Reached XP level 4. HP: 28/28 MP: 4/4
  1502 | D:3      | Found an iron altar of Okawaru.
  1516 | D:3      | Reached skill level 4 in Axes
  1525 | D:3      | Became a worshipper of Warmaster Okawaru
  1878 | D:3      | Noticed a scorpion
  1907 | D:2      | Reached XP level 5. HP: 32/32 MP: 5/5
  2374 | D:4      | Noticed Edmund
  2454 | D:4      | Killed Edmund
  2454 | D:4      | Reached * piety under Okawaru
  2455 | D:4      | Reached skill level 5 in Axes
  2455 | D:4      | Reached skill level 1 in Dodging
  2455 | D:4      | Reached XP level 6. HP: 14/37 MP: 6/6
  2561 | D:4      | Found Fuironyck's General Store.
  2568 | D:4      | Found Reemesuc's Antique Armour Shop.
  2577 | D:4      | Found Qesasod's Armour Boutique.
  2584 | D:4      | Reached skill level 6 in Axes
  2856 | D:4      | Reached XP level 7. HP: 32/41 MP: 7/7
  2934 | D:4      | Found Oqij Fio's Magic Scroll Shop.
  3070 | D:4      | Found a broken altar of Ashenzari.
  3104 | D:4      | Found a glowing silver altar of Zin.
  3185 | D:4      | Found Lakh's Armour Shop.
  3419 | D:4      | Found a runed translucent door.
  3420 | D:4      | Noticed Crazy Yiuf
  3427 | D:4      | Killed Crazy Yiuf
  3505 | D:5      | Entered Level 5 of the Dungeon
  3728 | D:5      | Reached ** piety under Okawaru
  3729 | D:5      | Reached skill level 7 in Axes
  3785 | D:5      | Found a hide-covered altar of Uskayaw.
  4692 | D:5      | Reached skill level 8 in Axes
  4692 | D:5      | Reached XP level 8. HP: 18/46 MP: 6/8
  4853 | D:5      | Found the +7 staff of the Meek {protect, meekguard}
  5090 | D:6      | Noticed Eustachio
  5115 | D:6      | Killed Eustachio
  5133 | D:6      | Noticed Blork the orc
  5145 | D:6      | Killed Blork the orc
  5385 | D:6      | Found a staircase to the Ecumenical Temple.
  5708 | D:5      | Reached skill level 9 in Axes
  5852 | D:6      | Reached *** piety under Okawaru
  5940 | D:6      | Found a bloodstained altar of Trog.
  6123 | D:6      | Reached XP level 9. HP: 23/52 MP: 6/9
  6127 | D:6      | Splashed by a jelly's acid

Illustrated notes

Levels and vault maps discovered:
D:1:      psy_arrival_whirlpool, layout_rooms
D:2:      layout_rooms
D:3:      layout_basic, okawaru_altar_gauntlet_db
D:4:      layout_loops_cross, mainiacjoe_overflow_catch_the_wave, serial_shops,
          nicolae_shop_just_a_little_nook, nicolae_shop_back_alley_shop, shop,
          nicolae_shop_waterfront, shop, uniq_crazy_yiuf_cottage, uniq_edmund
D:5:      layout_loops_ring, lemuel_crystal_altar,
          nicolae_concentric_dashed_squares_wild, pf_guarded_unrand_meek
D:6:      layout_rooms, trog_ov_bears_minmay, minmay_temple_entry_tees,
          kennysheep_dice, uniq_eustachio, uniq_blork_the_orc

Skill      XL: |  1  2  3  4  5  6  7  8 |
---------------+-------------------------+-----
Axes           | 2 3 4 5 6 8 9 |  9.3
Dodging        | 1 2 |  2.2
Armour         | 4 |  4.5
Fighting       | |  3.8
Stealth        | |  0.4
Shields        | |  3.6
Invocations    | |  0.1

Action                     |  1- 3 |  4- 6 |  7- 9 || total
---------------------------+-------+-------+-------++-------
  Melee: War axe           |   105 |   139 |   250 ||   494
 Invoke: Heroism           |       |       |     5 ||     5
    Use: Potion            |       |     1 |       ||     1
         Scroll            |       |       |     7 ||     7
 Armour: Scale mail        |    97 |    99 |   288 ||   484
  Dodge: Dodged            |    47 |    84 |   172 ||   303
  Block: Buckler           |    30 |    24 |    63 ||   117
